 Dungeon Crawl Stone Soup version 0.32-a0-975-g85d4e5bfdb (webtiles) character file.

Game seed: 13300244097859318531

1638052 araganzar the Peltast (level 26, 215/215 HPs)
             Began as a Demonspawn Shapeshifter on Apr 18, 2024.
             Was a High Priest of Okawaru.
             Escaped with the Orb
             ... and 3 runes!
             The game lasted 05:50:42 (72425 turns).

araganzar the Peltast (Demonspawn Shapeshifter)    Turns: 72425, Time: 05:50:43

Health: 215/215    AC: 31    Str: 23    XL:     26   Next: 49%
Magic:  37/37      EV: 17    Int: 18    God:    Okawaru [*****.]
Gold:   1563       SH: 35    Dex: 17    Spells: 20/45 levels left

rFire   + + .        b - +8 Vampire's Tooth {megavamp}
rCold   + + .        e - +8 tower shield {rC+ rF+}
rNeg    + + .        E - +3 chain mail of Okawaru's Scorn {Dex+6 Slay+5}
rPois   +            (helmet unavailable)
rElec   .            g - +4 dragonskin cloak {Aegis}
rCorr   +            j - +3 pair of gauntlets of War {Slay+5}
SInv    +            B - +3 pair of seven-league boots {Rampage+∞}
Will    +....        X - amulet "Fist" {Reflect +Inv rPois rN+ Str+2 SH+5}
Stlth   ++           K - ring of the Death Scarab {Fly rF+}
HPRegen 0.55/turn    V - ring of Monotheism {rN+ rCorr Int+2 SInv}
MPRegen 0.50/turn

%: reflection, guardian spirit, rampage+∞
@: flying
A: horns 3, spiny 3, augmentation 3, magic shield, magic regeneration, sturdy
frame 3, talons 1, clumsy 1, cold resistance 1
0: Orb of Zot
}: 3/15 runes: serpentine, barnacled, silver
a: Renounce Religion, Evoke Invisibility, Heroism, Finesse, Duel


You escaped.
You worshipped Okawaru.
Okawaru was extremely pleased with you.
You visited 11 branches of the dungeon, and saw 49 of its levels.
You also visited: Trove, Bailey and Ice Cave.

You collected 8719 gold pieces.
You spent 7156 gold pieces at shops.


Innate Abilities, Weirdness & Mutations

You have a pair of large horns on your head.
You are completely covered in sharp spines.
Your magical and physical power is greatly enhanced at high health.
When hurt, damage is shared between your health and your magic reserves.
You regenerate magic rapidly.
Your movements are significantly less encumbered by armour. (ER -6)
You have sharp toenails.
You are clumsy. (Dex -2)
Your flesh is cold resistant. (rC+)


   Skills:
 - Level 19.0 Fighting
 - Level 14.0 Short Blades
 - Level 12.0 Maces & Flails
 - Level 16.0 Throwing
 + Level 15.8 Armour
 - Level 15.0 Dodging
 - Level 12.0 Stealth
 + Level 19.6 Shields
 - Level 12.0 Unarmed Combat
 - Level 10.1 Spellcasting
 - Level 3.0 Conjurations
 - Level 4.0 Necromancy
 - Level 5.0 Translocations
 - Level 6.0 Ice Magic
 - Level 3.0 Air Magic
 - Level 3.0 Alchemy
 - Level 12.0 Invocations
 - Level 10.0 Evocations
 - Level 7.0 Shapeshifting


You had 20 spell levels left.
You knew the following spells:

 Your Spells              Type           Power      Damage    Failure   Level
a - Lesser Beckoning      Tloc           100%       N/A       4%          2
b - Blink                 Tloc           100%       N/A       4%          2
c - Fugue of the Fallen   Necr           51%        N/A       12%         3
d - Cigotuvi's Dreadful   Necr/Alch/Air  92%        N/A       8%          2
e - Vampiric Draining     Necr           51%        2d9       12%         3
f - Frozen Ramparts       Ice            100%       1d16      5%          3
g - Passage of Golubria   Tloc           56%        N/A       26%         4
s - Swiftness             Air            43%        N/A       19%         3
x - Mephitic Cloud        Conj/Alch/Air  43%        N/A       19%         3

Your spell library contained the following spells:

 Spells                   Type           Power      Damage    Failure   Level
 Kiss of Death            Conj/Necr      100%       2d13      4%          1
 Necrotise                Necr           100%       1d9       4%          1
 Ozocubu's Armour         Ice            61%        N/A       5%          3
 Magic Dart               Conj           100%       1d8       6%          1
 Shock                    Conj/Air       100%       1d9       6%          1
 Sting                    Conj/Alch      100%       1d9       6%          1
 Momentum Strike          Conj/Tloc      100%       3d10      6%          2
 Sublimation of Blood     Necr           51%        N/A       6%          2
 Teleport Other           Tloc           56%        N/A       8%          3
 Ensorcelled Hibernation  Hex/Ice        86%        N/A       9%          2
 Mercury Vapours          Alch/Air       86%        N/A       9%          2
 Static Discharge         Conj/Air       86%        3-7/arc   9%          2
 Hailstorm                Conj/Ice       54%        3d11      10%         3
 Foxfire                  Conj/Fire      100%       2x1d9     11%         1
 Sandblast                Erth           40%        2d10      21%         1
 Volatile Blastmotes      Fire/Tloc      78%        2d16      22%         3
 Scorch                   Fire           40%        2d6       30%         2
 Dispel Undead            Necr           51%        3d19      36%         4
 Iskenderun's Mystic Bla  Conj/Tloc      51%        2d11      (+2d636%    4
 Passwall                 Erth           20%        N/A       52%         3
 Olgreb's Toxic Radiance  Alch           43%        N/A       52%         4
 Dimensional Bullseye     Hex/Tloc       19%        N/A       58%         4
 Brom's Barrelling Bould  Conj/Erth      32%        2d5       73%         4
 Flame Wave               Conj/Fire      32%        2d9       73%         4
 Leda's Liquefaction      Alch/Erth      16%        N/A       73%         4
 Petrify                  Alch/Erth      32%        N/A       73%         4
 Curse of Agony           Necr           51%        N/A       73%         5
 Freezing Cloud           Conj/Ice/Air   25%        6-21      73%         5
 Alistair's Intoxication  Alch           28%        N/A       86%         5
 Irradiate                Conj/Alch      21%        3d18      86%         5
 Iskenderun's Battlesphe  Conj           43%        2d9       86%         5
 Metabolic Englaciation   Hex/Ice        21%        N/A       86%         5
 Fireball                 Conj/Fire      16%        3d8       97%         5
 Yara's Violent Unravell  Hex/Alch       16%        3d8       97%         5
 Lee's Rapid Deconstruct  Erth           10%        3d8*      99%         5
 Dispersal                Tloc           28%        N/A       99%         6
 Gell's Gavotte           Tloc           28%        2d(24-35) 99%         6
 Bombard                  Conj/Erth      16%        9d3       100%        6
 Conjure Ball Lightning   Conj/Air       21%        3x3d6     100%        6
 Permafrost Eruption      Ice/Erth       21%        2x4d6     100%        6
 Plasma Beam              Fire/Air       16%        2x1d27    100%        6
 Starburst                Conj/Fire      16%        6d6       100%        6
 Magnavolt                Erth/Air       16%        3d13      100%        7
 Manifold Assault         Tloc           28%        N/A       100%        7
 Ozocubu's Refrigeration  Ice            30%        4d14      100%        7
 Rimeblight               Ice/Necr       28%        2d6       (prima100%   7
 Borgnjor's Revivificati  Necr           25%        N/A       100%        8
 Disjunction              Tloc           28%        N/A       100%        8
 Fulsome Fusillade        Conj/Alch      21%        (3-5)d8   100%        8
 Ignition                 Fire           10%        3d5       100%        8
 Chain Lightning          Conj/Air       21%        3d28      100%        9
 Fire Storm               Conj/Fire      16%        8d4       100%        9
 Polar Vortex             Ice            30%        12d4*     100%        9
 Shatter                  Erth           10%        3d11*     100%        9
 Summon Ice Beast         Ice/Summ       Unusable   N/A       N/A         3
 Call Imp                 Summ           Unusable   N/A       N/A         2
 Tukima's Dance           Hex            Unusable   N/A       N/A         3
 Martyr's Knell           Necr/Summ      Unusable   N/A       N/A         4
 Death Channel            Necr           Unusable   N/A       N/A         6
 Sculpt Simulacrum        Ice/Alch       Unusable   N/A       N/A         6
 Summon Cactus Giant      Summ           Unusable   N/A       N/A         6
 Seismic Cannonade        Alch/Erth      Unusable   6d8       N/A         7
 Summon Hydra             Summ           Unusable   N/A       N/A         7

Inventory:

Hand Weapons
 a - a +9 demon whip of draining
   (You found it on level 9 of the Dungeon)
 b - the +8 Vampire's Tooth (weapon) {megavamp}
   (You took it off a deep elf elementalist on level 3 of the Elven Halls)
Missiles
 m - a throwing net {=f, !d}
 r - 4 curare-tipped darts
 s - 4 datura-tipped darts
 z - 20 atropa-tipped darts
 G - 19 silver javelins (quivered)
 J - 36 javelins
 O - 6 darts of dispersal {=f}
Armour
 e - a +8 tower shield of resistance (worn)
   (You took it off a naga warrior on level 3 of the Snake Pit)
 g - the +4 dragonskin cloak (worn) {Aegis}
   (You took it off Tiamat on level 2 of the Realm of Zot)

   Avatar's Aegis: It grants the wearer a chance to resist fire, cold, poison,
   electricity, acid, and negative energy.
 j - the +3 pair of gauntlets of War (worn) {Slay+5}
   (You found it on level 3 of the Elven Halls)

   Slay+5:    It affects your accuracy & damage with ranged weapons and melee
   (+5).
 k - the +1 cloak of Salvation {rElec Dex+5}
   (You found it in a treasure trove)

   Dex+5:     It affects your dexterity (+5).
   rElec:     It insulates you from electricity.
 B - the +3 pair of seven-league boots (worn) {Rampage+∞}
   (You bought it in a shop on level 2 of the Orcish Mines)

   Rampage+∞: When moving toward enemies, its wearer moves as far as possible,
   alerting their target en route.
 E - the +3 chain mail of Okawaru's Scorn (worn) {Dex+6 Slay+5}
   (Okawaru gifted it to you on level 4 of the Lair of Beasts)

   Dex+6:     It affects your dexterity (+6).
   Slay+5:    It affects your accuracy & damage with ranged weapons and melee
   (+5).
Jewellery
 l - the ring "Viamud" {rN+ EV+5}
   (You bought it in a shop on level 2 of the Shoals)

   [ring of evasion]

   EV+5:      It affects your evasion (+5).
   rN+:       It protects you from negative energy.
 K - the ring of the Death Scarab (left hand) {Fly rF+}
   (You found it on level 5 of the Lair of Beasts)

   [ring of protection from fire]

   rF+:       It protects you from fire.
   Fly:       It grants you flight.
 U - the ring of Alon Byoch {rN+ Will+ MP-9 Slay+2}
   (You found it in an ice cave)

   [ring of positive energy]

   Slay+2:    It affects your accuracy & damage with ranged weapons and melee
   (+2).
   rN+:       It protects you from negative energy.
   Will+:     It increases your willpower.
   MP-9:      It affects your magic capacity (-9).
 V - the ring of Monotheism (right hand) {rN+ rCorr Int+2 SInv}
   (You took it off a deep elf sorcerer on level 3 of the Elven Halls)

   [ring of positive energy]

   Int+2:     It affects your intelligence (+2).
   rN+:       It protects you from negative energy.
   SInv:      It lets you see invisible.
   rCorr:     It protects you from acid and corrosion.
 X - the amulet "Fist" (around neck) {Reflect +Inv rPois rN+ Str+2 SH+5}
   (You found it on level 4 of the Shoals)

   [amulet of reflection]

   Reflect:   It reflects blocked missile attacks.
   Str+2:     It affects your strength (+2).
   rPois:     It protects you from poison.
   rN+:       It protects you from negative energy.
   +Inv:      It lets you turn invisible.
   SH+5:      It affects your SH (+5).
Wands
 h - a wand of digging (13)
   (You found it on level 1 of the Vaults)
 q - a wand of quicksilver (17)
   (You found it on level 3 of the Dungeon)
 t - a wand of mindburst (29)
   (You found it on level 5 of the Dungeon)
 w - a wand of roots (14)
   (You found it on level 6 of the Dungeon)
Scrolls
 i - 28 scrolls of identify
 o - 8 scrolls of poison {!r}
 v - 11 scrolls of fog
 D - 7 scrolls of fear
 F - a scroll of enchant armour
 H - 13 scrolls of teleportation
 N - 8 scrolls of blinking {!r}
 R - a scroll of revelation
 T - 3 scrolls of silence
Potions
 c - a potion of brilliance
 d - 7 potions of haste
 f - 6 potions of enlightenment
 n - 9 potions of lignification {!q}
 p - 2 potions of resistance
 u - 16 potions of curing
 x - 11 potions of might
 A - 2 potions of invisibility
 C - 4 potions of cancellation
 I - 4 potions of attraction {!q}
 L - 8 potions of heal wounds
 M - 2 potions of ambrosia
 P - 2 potions of magic
 Q - 11 potions of mutation {!q}
 S - 4 potions of berserk rage {!q}
Miscellaneous
 y - a condenser vane
   (You found it on level 2 of the Lair of Beasts)
 Z - a phial of floods
   (You found it on level 4 of the Snake Pit)

....................#
.......##...........######
)......##................#
.......####'####.#######.#
............##~#.#~#####.#
....)......##~P...♣~##...#
....#......#~PßP.♣ß♣~#.###
....######.##~P...♣~##...#
....# #.##~P.@.P~##.###
....######.#~PßP.PßP~#.#
...#....##.##~P~.~P~##.#
...#....##+###~#.#~###.#
...#....#....###.###.#.#
...#....#....###.###'#'##
..##....................#
..##....................#
..##.[..................#


There were no monsters in sight!


Message History

As you read the scroll of blinking {!r}, it crumbles to dust.
You fly upwards.
There is a stone staircase leading down here.
Unknown command.
Okay, then.
You start removing your armour.
You continue removing the +1 cloak of Salvation {rElec Dex+5}. x4
You finish removing the +1 cloak of Salvation {rElec Dex+5}.
You stride towards the ice devil!
You puncture the ice devil! You headbutt the ice devil!
You impale the ice devil!! You headbutt the ice devil!
You puncture the ice devil!
You kill the ice devil!
Okawaru accepts your kill.
You start putting on your armour.
You continue putting on the +4 dragonskin cloak {Aegis}. x4
You finish putting on the +4 dragonskin cloak {Aegis}.
You feel oddly protected from the elements.
Unknown command.
Unknown command.
You hit the demonic crawler. You puncture the demonic crawler!
You headbutt the demonic crawler!
You block the demonic crawler's attack. x3
You hit the demonic crawler. You headbutt the demonic crawler!
You puncture the demonic crawler! You headbutt the demonic crawler.
You kill the demonic crawler!
Okawaru accepts your kill.
Okay, then.
You drop a +2 cloak of willpower.
There is a staircase leading out of the dungeon here.
You have escaped!

Action                     |  1- 3 |  4- 6 |  7- 9 | 10-12 | 13-15 | 16-18 | 19-21 | 22-24 | 25-27 || total
---------------------------+-------+-------+-------+-------+-------+-------+-------+-------+-------++-------
  Melee: Unarmed           |   118 |   134 |   253 |   507 |   476 |       |       |       |       ||  1488
         Punch             |     2 |     4 |    13 |    50 |    44 |       |       |       |       ||   113
         Kick              |       |       |       |   130 |   325 |    31 |       |       |       ||   486
         Headbutt          |       |       |       |       |   145 |   426 |   566 |   828 |   330 ||  2295
         Demon whip        |       |       |       |       |   276 |  1435 |  1717 |   286 |    16 ||  3730
         Quick blade       |       |       |       |       |       |       |       |  1643 |   764 ||  2407
  Throw: Dart              |       |     2 |     7 |    21 |    34 |     6 |       |       |       ||    70
         Javelin           |       |       |       |     4 |    14 |    29 |    56 |   176 |    77 ||   356
         Boomerang         |       |       |       |     6 |   106 |    62 |       |       |       ||   174
         Throwing net      |       |       |       |       |       |       |       |       |     2 ||     2
   Cast: Mephitic Cloud    |       |       |       |       |       |     1 |     1 |       |       ||     2
         Frozen Ramparts   |       |       |       |       |       |       |     3 |     8 |     4 ||    15
         Fugue of the Fall |       |       |       |       |       |       |    10 |     9 |     3 ||    22
 Invoke: Heroism           |       |       |       |     6 |    19 |    16 |    22 |    12 |     8 ||    83
         Finesse           |       |       |       |     2 |       |     1 |     3 |     2 |     4 ||    12
         Receive Weapon    |       |       |       |       |     1 |       |       |       |       ||     1
         Receive Armour    |       |       |       |       |     1 |       |       |       |       ||     1
Ability: Begin Untransform |       |     1 |       |       |       |     1 |       |       |       ||     2
         Evoke Invisibilit |       |       |       |       |       |       |       |     2 |     1 ||     3
  Evoke: Wand              |       |     3 |     6 |    16 |    10 |     7 |     2 |     5 |     1 ||    50
         Phial of floods   |       |       |       |       |       |     1 |       |       |       ||     1
         Condenser vane    |       |       |       |       |       |       |     1 |       |       ||     1
    Use: Potion            |     1 |     1 |     1 |     3 |     1 |     4 |     2 |     3 |     2 ||    18
         Scroll            |       |     5 |     8 |    12 |    15 |     5 |     4 |    13 |     5 ||    67
   Stab: Sleeping          |       |       |       |       |       |     1 |     5 |    13 |     4 ||    23
         Confused          |       |       |       |       |       |     3 |     3 |       |       ||     6
         Distracted        |       |       |       |       |       |       |     1 |     1 |       ||     2
         Invisible         |       |       |       |       |       |       |       |     7 |     9 ||    16
         Held in net/web   |       |       |       |       |       |       |       |       |     3 ||     3
 Armour: Animal skin       |    18 |       |       |       |       |       |       |       |       ||    18
         Leather armour    |    46 |       |       |       |       |       |       |       |       ||    46
         Skin              |     4 |     3 |       |       |       |       |       |       |       ||     7
         Plate armour      |       |    87 |   200 |   248 |    37 |       |       |       |       ||   572
         Chain mail        |       |       |       |       |   309 |   505 |   382 |   271 |   112 ||  1579
  Dodge: Dodged            |    61 |    41 |   102 |   254 |   577 |   729 |   598 |   258 |    94 ||  2714
  Block: Buckler           |       |       |       |       |       |   308 |   492 |    14 |       ||   814
         Reflection        |       |       |       |       |       |     3 |    41 |    19 |     7 ||    70
         Kite shield       |       |       |       |       |       |       |    64 |       |       ||    64
         Tower shield      |       |       |       |       |       |       |    27 |   968 |   415 ||  1410
   Form: Beast             |       |     1 |       |       |       |       |       |       |       ||     1

Levels and vault maps discovered:
D:1:      ldierk_walled_garden_2, layout_basic, hex_tiny
D:2:      layout_basic
D:3:      layout_basic, uniq_robin
D:4:      layout_basic, dreamdust_princess_bridge, nicolae_underground_beach,
          uniq_grinder
D:5:      layout_basic, chequers_serial_rivers_micro_a, grunt_ministairs_9
D:6:      layout_rooms, grunt_temple_overflow_open,
          minmay_temple_entry_junction, minmay_bent
D:7:      layout_basic, ebering_ghost_gozag, grunt_ministairs_15
D:8:      layout_cave_pods, grunt_temple_overflow_cloverleaf,
          jmf_multi_god_temple2, serial_shops, shop, enter_bailey_3
D:9:      minmay_weird_star, layout_basic, erik_lair_orcish_takeover,
          serial_park_tiny_2, minmay_circle_x, uniq_erica, uniq_maggie,
          uniq_prince_ribbit1
D:10:     layout_loops_ring, orc_0_dummy, nicolae_trove_entry_columns,
          serial_co_window_serial, co_window_corner_a,
          co_window_of_opportunity_a, co_window_of_opportunity_a,
          co_window_of_opportunity_a, co_window_paths_a,
          co_window_of_opportunity_b, co_window_corner_b, co_window_corner_ca,
          co_window_broadway_a, co_window_paths_d
D:11:     layout_rooms, uniq_nergalle
D:12:     layout_roguey
D:13:     lemuel_traditional_vault, layout_irregular_city
D:14:     layout_gridville, david_vaults_4, serial_shops, shop
D:15:     grunt_enter_depths_hoard, layout_cave_pods, uniq_jorgrun, uniq_azrael,
          uniq_josephine, uniq_rupert
Temple:   oiseaux_autumnal_temple
Lair:1:   layout_cave_shapes, grunt_megastairs_4, uniq_fannar, uniq_sonja
Lair:2:   layout_layer_cave, serial_bayou_pond_d, serial_bayou_shore_b,
          grunt_megastairs_1, serial_bayou_shore_b
Lair:3:   layout_concentric_octagons, elwin_shoals_entry_rocks,
          guppyfry_snake_entry_island
Lair:4:   layout_gridlike, gammafunk_ghost_grave, nicolae_quartered_pool_little,
          lemuel_oklob_altar
Lair:5:   evilmike_catoblepas_cave, layout_cellular_growth,
          nicolae_slime_entry_field_trip, cheibrodos_lair_lostbears,
          lemuel_fruit_fields, serial_bayou_shore_b, uniq_snorg
Shoals:1: layout_shoals, nicolae_shoals_spring_well_temple
Shoals:2: layout_shoals, serial_shops, shop, nicolae_shoals_dead_sea_scrolls
Shoals:3: layout_shoals, gammafunk_ghost_tricky_traps, st_cyclops
Shoals:4: shoals_end_hangedman, layout_shoals, abandoned_shop, uniq_polyphemus,
          uniq_aizul
Snake:1:  layout_onion_interference, serial_shops, shop,
          nicolae_snake_yet_another_twisty_hallway, uniq_louise
Snake:2:  layout_honeycomb, drop_trap, serial_bayou_ford_a,
          nicolae_snake_gridmaze_squiggle, serial_bayou_shore_a, uniq_mlioglotl,
          uniq_frances, uniq_vashnia, uniq_nikola
Snake:3:  layout_chambers, serial_library_hellmonk_recessed_alcove,
          nicolae_wooded_promenade, grunt_megastairs_2, serial_bayou_shore_b
Snake:4:  hellmonk_snake_rune_quicksilver_temple, layout_layer_cave,
          minmay_shop_grove
Orc:1:    layout_caves
Orc:2:    grunt_orc_gardens, layout_diamond_mine, grunt_orc_garden,
          grunt_orc_garden, grunt_orc_garden, grunt_orc_garden, serial_shops,
          shop
Elf:1:    layout_loops_ring, portal_ice_cave_entry_pillars_1, serial_shops,
          shop, shop, nicolae_elf_theology_debate, nicolae_zig_zag_zippers,
          lemuel_upstairs_altar
Elf:2:    nicolae_elf_blades_crystal_corner, layout_geoelf_grid, serial_shops,
          nicolae_shop_tiny_glass, nicolae_shop_hallway_stairs,
          minmay_elf_annihilation
Elf:3:    elf_hall, layout_geoelf_castle, serial_shops, nicolae_shop_rolled_up,
          drop_trap
Vaults:1: ebering_ghost_reflecting_pool, v_pattern_4, vaults_mumra_chevron_long,
          nicolae_vaults_tetromino_T_1, grunt_vaults_focal,
          layout_vaults_chaotic_city, serial_shops, shop_fountains, shop,
          shop_statue, shop
Vaults:2: nicolae_vaults_octothorpe, nicolae_vaults_house_3,
          nicolae_vaults_security_offices_5,
          nicolae_vaults_trapezoid_lopsided_2, nicolae_vaults_turnstiles,
          nicolae_vaults_rhombus_5, layout_vaults_omnigrid
Vaults:3: vaults_mumra_hex, hangedman_vaults_trim, vaults_mumra_hexcomb,
          nicolae_vaults_trapezoid_1, nicolae_vaults_network_barrier,
          vaults_mumra_minichess, minmay_crypt_entry_necro_gods, v_misc_3,
          nicolae_vaults_trapezoid_3, vaults_dpeg_spiral,
          nicolae_vaults_apartment_2, vaults_room_pools,
          nicolae_vaults_trapezoid_2, nicolae_vaults_diamond_1,
          layout_vaults_big_cross, uniq_mennas
Vaults:4: hangedman_vaults_river_flow, hangedman_vaults_stitches, st_diamondy,
          vaults_room_grid, v_misc_31, v_misc_25,
          nicolae_vaults_yaktaur_gun_rack, ontoclasm_vaults_ligature,
          nicolae_vaults_storage_closets_3, nicolae_vaults_trapezoid_lopsided_1,
          nicolae_vaults_meiosis, nicolae_vaults_tetromino_T_1,
          nicolae_vaults_diamond_2, ontoclasm_vaults_tryst,
          nicolae_vaults_prndl, nicolae_vaults_diamond_2, vaults_dpeg_cross,
          nicolae_vaults_diamond_2, layout_vaults_omnibox, uniq_margery
Vaults:5: uniq_xtahua
Crypt:1:  minmay_guarded_unrand_sceptre_of_torment, layout_chaotic_city,
          grunt_crypt_arrival_split
Depths:1: layout_honeycomb, pan_entry, serial_shops, kennysheep_mini_moat,
          nicolae_vehumet_radiance, hell_entry, fedhas_altar_fruit_tree,
          minmay_shop_star
Depths:2: minmay_bubble_buster, layout_gridlike, enter_ziggurat_a,
          rand_demon_pan_entry_4, hell_entry, uniq_grunn
Depths:3: radiant_caverns_a_rkd, abyss_entry, pan_entry, hell_entry
Depths:4: evilmike_zot_entry_argh, layout_gridville, grunt_decor_resistance,
          hell_entry, slow_altar_2
Zot:1:    layout_basic, regret_index_zotdec_banners
Zot:2:    layout_cellular_growth, regret_index_zotdec_storm_pass, uniq_tiamat
Zot:3:    layout_basic
Zot:4:    layout_gridville, not_door_vault_mu,
          regret_index_zotdec_slimy_original
Zot:5:    layout_gridlike, st_stairs_1, grunt_ministairs_14

Notes
Turn   | Place    | Note
-------+----------+-------------------------------------------
     0 | D:1      | araganzar the Demonspawn Shapeshifter began the quest for
                  | the Orb.
     0 | D:1      | Reached XP level 1. HP: 15/15 MP: 1/1
    97 | D:1      | Gained mutation: Your movements are slightly less
                  | encumbered by armour. (ER -2) [demonic ancestry]
    97 | D:1      | Reached XP level 2. HP: 14/21 MP: 2/2
   174 | D:1      | Reached skill level 3 in Shapeshifting
   287 | D:1      | Reached skill level 2 in Fighting
   458 | D:1      | Reached XP level 3. HP: 25/27 MP: 3/3
  1570 | D:2      | Reached skill level 3 in Fighting
  1570 | D:2      | Gained mutation: Your movements are less encumbered by
                  | armour. (ER -4) [demonic ancestry]
  1570 | D:2      | Reached XP level 4. HP: 21/35 MP: 4/4
  1705 | D:3      | Identified the +0 plate armour of a Thousand Princes
                  | {Rampage Int+3}
  2184 | D:3      | Noticed Robin
  2209 | D:3      | Killed Robin
  2220 | D:3      | Reached skill level 1 in Armour
  2425 | D:4      | Gained mutation: You are partially covered in sharp spines.
                  | [demonic ancestry]
  2425 | D:4      | Reached XP level 5. HP: 34/42 MP: 5/5
  2595 | D:4      | Noticed Grinder
  3081 | D:4      | Reached skill level 4 in Fighting
  3085 | D:4      | Reached skill level 2 in Armour
  3288 | D:4      | Paralysed by Grinder for 4 turns
  3336 | D:4      | Paralysed by Grinder for 4 turns
  3359 | D:4      | Paralysed by Grinder for 5 turns
  3368 | D:4      | Killed Grinder
  3369 | D:4      | Reached skill level 5 in Fighting
  3369 | D:4      | Reached skill level 3 in Armour
  3369 | D:4      | Reached XP level 6. HP: 27/51 MP: 6/6
  3573 | D:5      | Entered Level 5 of the Dungeon
  3637 | D:5      | Reached skill level 3 in Unarmed Combat
  3637 | D:5      | Gained mutation: You are mostly covered in sharp spines.
                  | [demonic ancestry]
  3637 | D:5      | Reached XP level 7. HP: 51/57 MP: 7/7
  4086 | D:5      | Reached skill level 4 in Unarmed Combat
  4210 | D:5      | Reached skill level 5 in Unarmed Combat
  4371 | D:5      | Noticed a wyvern
  4425 | D:4      | Killed a wyvern
  4426 | D:4      | Reached XP level 8. HP: 44/64 MP: 8/8
  4531 | D:5      | Reached skill level 6 in Unarmed Combat
  4540 | D:5      | Reached skill level 6 in Fighting
  4755 | D:5      | Reached skill level 4 in Armour
  4888 | D:6      | Reached skill level 4 in Shapeshifting
  5046 | D:6      | Found a staircase to the Ecumenical Temple.
  5055 | Temple   | Entered the Ecumenical Temple
  5107 | D:6      | Reached skill level 7 in Fighting
  5124 | D:6      | Reached skill level 5 in Shapeshifting
  5275 | D:6      | Gained mutation: Your movements are significantly less
                  | encumbered by armour. (ER -6) [demonic ancestry]
  5275 | D:6      | Reached XP level 9. HP: 70/72 MP: 9/9
  5297 | D:6      | Reached skill level 1 in Evocations
  5524 | D:6      | Found an ornate altar of the Wu Jian Council.
  5525 | D:6      | Found a sparkling altar of Nemelex Xobeh.
  5525 | D:6      | Found a sacrificial altar of Ru.
  5671 | D:7      | Found a runed translucent gate.
  5672 | D:7      | Found a runed translucent gate.
  5672 | D:7      | Found a runed translucent gate.
  5672 | D:7      | Found an opulent altar of Gozag.
  5682 | D:6      | Reached skill level 2 in Evocations
  5932 | D:7      | Reached skill level 3 in Evocations
  5937 | D:7      | Reached skill level 8 in Fighting
  6308 | D:7      | Noticed Shayle's ghost (novice CoAl)
  6651 | D:8      | Found an opulent altar of Gozag.
  6654 | D:8      | Found an iron altar of Okawaru.
  6661 | D:8      | Became a worshipper of Warmaster Okawaru
  6680 | D:8      | Reached skill level 7 in Unarmed Combat
  6747 | D:8      | Found a flagged portal.
  6756 | Bailey   | Entered a bailey
  6785 | Bailey   | Reached skill level 8 in Unarmed Combat
  6800 | Bailey   | Reached * piety under Okawaru
  6801 | Bailey   | Reached skill level 5 in Armour
  6801 | Bailey   | Reached XP level 10. HP: 50/80 MP: 10/10
  7011 | Bailey   | Noticed Prince Ribbit
  7021 | Bailey   | Killed Prince Ribbit
  7040 | Bailey   | Noticed a vault guard
  7047 | Bailey   | Killed a vault guard
  7047 | Bailey   | Reached ** piety under Okawaru
  7048 | Bailey   | Reached skill level 6 in Armour
  7048 | Bailey   | Reached skill level 9 in Unarmed Combat
  7083 | Bailey   | Noticed a vault guard
  7093 | Bailey   | Killed a vault guard
  7094 | Bailey   | Reached skill level 10 in Unarmed Combat
  7094 | Bailey   | Reached skill level 2 in Invocations
  7400 | D:8      | Reached skill level 3 in Invocations
  7539 | D:8      | Reached *** piety under Okawaru
  7540 | D:8      | Reached skill level 4 in Invocations
  7604 | D:8      | Found a shadowy altar of Dithmenos.
  7607 | D:8      | Found a bloodstained altar of Trog.
  7610 | D:8      | Found a burning altar of Makhleb.
  7755 | D:8      | Found Sefyt's Book Boutique.
  8104 | D:9      | Noticed Maggie
  8218 | D:9      | Killed Maggie
  8219 | D:9      | Reached skill level 5 in Invocations
  8293 | D:9      | Reached skill level 6 in Invocations
  8339 | D:9      | Noticed Erica
  8353 | D:9      | Killed Erica
  8376 | D:9      | Reached XP level 11. HP: 66/86 MP: 15/15
  8703 | D:9      | Reached **** piety under Okawaru
  8741 | D:9      | Reached skill level 11 in Unarmed Combat
  8849 | D:9      | Reached skill level 1 in Throwing
  8924 | D:9      | Found a staircase to the Lair.
  8964 | D:9      | Reached skill level 2 in Throwing
  9035 | D:9      | Reached skill level 3 in Throwing
  9298 | D:9      | Identified the +6 chain mail "Abep" {*Slow Str+4 Stlth+}
  9446 | D:10     | Entered Level 10 of the Dungeon
  9590 | D:10     | Found a staircase to the Orcish Mines.
  9752 | D:10     | Reached skill level 1 in Maces & Flails
  9852 | D:10     | Gained mutation: Your flesh is cold resistant. (rC+)
                  | [potion of mutation]
  9852 | D:10     | Gained mutation: You have sharp toenails. [potion of
                  | mutation]
  9977 | D:10     | Reached skill level 2 in Maces & Flails
 10125 | D:10     | Noticed a two-headed ogre
 10138 | D:10     | Killed a two-headed ogre
 10139 | D:10     | Reached skill level 3 in Maces & Flails
 10144 | D:10     | Reached skill level 4 in Maces & Flails
 10608 | D:10     | Found a portal to a secret trove of treasure.
 10855 | Lair:1   | Entered Level 1 of the Lair of Beasts
 10964 | Lair:1   | Reached skill level 5 in Maces & Flails
 11206 | Lair:1   | Reached ***** piety under Okawaru
 11218 | Lair:1   | Reached skill level 6 in Maces & Flails
 11497 | Lair:1   | Reached skill level 6 in Shapeshifting
 11502 | Lair:1   | Noticed Fannar
 11516 | Lair:1   | Killed Fannar
 11563 | Lair:1   | Reached XP level 12. HP: 87/92 MP: 11/16
 11570 | Lair:1   | Reached skill level 7 in Shapeshifting
 11582 | Lair:1   | Reached skill level 7 in Invocations
 11895 | Lair:1   | Reached skill level 8 in Invocations
 12037 | Lair:1   | Noticed Sonja
 12041 | Lair:1   | Killed Sonja
 12105 | Lair:1   | Noticed a catoblepas
 12120 | Lair:1   | Killed a catoblepas
 12308 | Lair:2   | Reached skill level 4 in Throwing
 12439 | Lair:2   | Reached skill level 7 in Maces & Flails
 12746 | Lair:2   | Received a gift from Okawaru
 13138 | Lair:2   | Reached skill level 4 in Evocations
 13329 | Lair:2   | Reached skill level 5 in Evocations
 14044 | Lair:3   | Reached skill level 6 in Evocations
 14044 | Lair:3   | Reached skill level 2 in Dodging
 14051 | Lair:3   | Reached skill level 3 in Dodging
 14057 | Lair:3   | Reached skill level 4 in Dodging
 14200 | Lair:3   | Found a staircase to the Snake Pit.
 14427 | Lair:3   | Found a staircase to the Shoals.
 14434 | Lair:3   | Reached skill level 5 in Dodging
 14503 | Lair:3   | Noticed a five-headed hydra
 14508 | Lair:3   | Killed a five-headed hydra
 14525 | Lair:3   | Reached skill level 6 in Dodging
 14576 | Lair:3   | Noticed a boulder beetle
 14594 | Lair:3   | Killed a boulder beetle
 14944 | Lair:3   | Gained mutation: You regenerate magic rapidly. [demonic
                  | ancestry]
 14944 | Lair:3   | Reached XP level 13. HP: 73/98 MP: 19/19
 15128 | Lair:3   | Reached skill level 8 in Maces & Flails
 15504 | Lair:4   | Reached skill level 5 in Throwing
 15508 | Lair:4   | Reached ****** piety under Okawaru
 15519 | Lair:4   | Acquired a +2 eveningstar of protection
 15519 | Lair:4   | Received a gift from Okawaru
 15521 | Lair:4   | Acquired the +3 chain mail of Okawaru's Scorn {Dex+6
                  | Slay+5}
 15521 | Lair:4   | Received a gift from Okawaru
 15715 | Lair:4   | Found a runed translucent door.
 15721 | Lair:4   | Noticed Triangles's ghost (journeyman TrSh)
 15812 | Lair:4   | Reached skill level 9 in Fighting
 15846 | Lair:4   | Received a gift from Okawaru
 15881 | Lair:4   | Reached skill level 6 in Throwing
 16216 | Lair:4   | Reached skill level 10 in Fighting
 16225 | Lair:4   | Reached skill level 7 in Throwing
 16386 | Lair:4   | Found a hazy altar of Hepliaklqana.
 16719 | Lair:5   | Entered Level 5 of the Lair of Beasts
 16741 | Lair:4   | Received a gift from Okawaru
 17157 | Lair:4   | Received a gift from Okawaru
 17319 | Lair:5   | Reached skill level 12 in Unarmed Combat
 17377 | Lair:5   | Gained mutation: You have a pair of small horns on your
                  | head. [demonic ancestry]
 17377 | Lair:5   | Reached XP level 14. HP: 99/110 MP: 17/20
 17413 | Lair:5   | Found a staircase to the Slime Pits.
 17648 | Lair:5   | Reached skill level 8 in Throwing
 17673 | Lair:5   | Noticed Snorg
 17681 | Lair:5   | Killed Snorg
 17813 | Lair:5   | Reached skill level 9 in Maces & Flails
 17867 | Lair:5   | Received a gift from Okawaru
 18200 | Lair:5   | Identified the ring of the Death Scarab {Fly rF+}
 18744 | D:8      | Bought a book of Spatial Translocations for 288 gold pieces
 18747 | D:8      | Learned a level 2 spell: Blink
 18822 | D:7      | Killed Shayle's ghost
 18823 | D:7      | Reached skill level 1 in Spellcasting
 18823 | D:7      | Reached skill level 1 in Translocations
 19223 | D:11     | Identified the +0 leather armour of Filue {+Blink rN+}
 19247 | D:11     | Noticed Nergalle
 19262 | D:11     | Killed Nergalle
 19263 | D:11     | Reached skill level 2 in Spellcasting
 19263 | D:11     | Reached skill level 2 in Translocations
 19905 | D:12     | Reached skill level 3 in Spellcasting
 19905 | D:12     | Reached skill level 3 in Translocations
 20484 | D:12     | You fall into a shaft and drop 2 floors!
 20590 | D:13     | Received a gift from Okawaru
 20591 | D:13     | Reached skill level 11 in Fighting
 20697 | D:13     | Reached skill level 4 in Spellcasting
 20697 | D:13     | Reached skill level 4 in Translocations
 21771 | D:12     | Reached skill level 5 in Translocations
 21975 | D:13     | Received a gift from Okawaru
 22047 | D:13     | Reached skill level 12 in Fighting
 22047 | D:13     | Reached XP level 15. HP: 116/120 MP: 21/21
 22174 | D:13     | Noticed a sphinx
 22182 | D:13     | Killed a sphinx
 22190 | D:13     | Reached skill level 10 in Maces & Flails
 22239 | D:13     | Identified the ring "Sorhuj" {Fire Dex+5}
 22260 | D:13     | Noticed a fire giant
 22273 | D:13     | Killed a fire giant
 22462 | D:13     | Noticed a tengu reaver
 22849 | D:13     | Noticed a fire giant
 22858 | D:13     | Killed a fire giant
 22859 | D:13     | Reached skill level 11 in Maces & Flails
 22888 | D:13     | Killed a tengu reaver
 22888 | D:13     | Received a gift from Okawaru
 23631 | D:14     | Found a gate to the Vaults.
 23714 | D:14     | Reached skill level 12 in Maces & Flails
 23717 | D:14     | Learned a level 2 spell: Lesser Beckoning
 23721 | D:14     | Learned a level 3 spell: Mephitic Cloud
 23799 | D:14     | Found Berch's Antique Armour Shop.
 23855 | D:14     | Identified a scroll of acquirement
 23856 | D:14     | Acquired a manual of Fighting
 23940 | D:15     | Entered Level 15 of the Dungeon
 24078 | D:15     | Received a gift from Okawaru
 24196 | D:15     | Identified the +4 long sword "Beast's Nightmare" {distort,
                  | rPois rN+ Int+3 Stlth+}
 24200 | D:15     | Identified the +10 great sword of Pawneg {heavy, Int+3}
 24234 | D:15     | Noticed Josephine
 24248 | D:15     | Killed Josephine
 24471 | D:15     | Found a staircase to the Depths.
 24593 | D:15     | Noticed Jorgrun
 24601 | D:15     | Noticed Azrael
 24747 | D:15     | Noticed Rupert
 24753 | D:15     | Killed Rupert
 24914 | D:15     | Reached skill level 13 in Fighting
 24921 | D:15     | Killed Azrael
 24922 | D:15     | Reached skill level 7 in Armour
 24922 | D:15     | Reached skill level 7 in Dodging
 24990 | D:15     | Killed Jorgrun
 24990 | D:15     | Received a gift from Okawaru
 25732 | Orc:1    | Entered Level 1 of the Orcish Mines
 26036 | Orc:2    | Entered Level 2 of the Orcish Mines
 26050 | Orc:2    | Found Kamuan's General Store.
 26083 | Orc:2    | Gained mutation: You have a pair of horns on your head.
                  | [demonic ancestry]
 26083 | Orc:2    | Reached XP level 16. HP: 101/131 MP: 22/22
 26101 | Orc:2    | Bought a potion of attraction for 51 gold pieces
 26791 | Orc:2    | Found Lutrunuck's Jewellery Emporium.
 26808 | Orc:2    | Found a staircase to the Elven Halls.
 26812 | Orc:2    | Reached skill level 14 in Fighting
 26946 | Orc:2    | Found Ekli's Assorted Antiques.
 26951 | Orc:2    | Received a gift from Okawaru
 26959 | Orc:2    | Bought a dented emerald amulet for 90 gold pieces
 26959 | Orc:2    | Bought a scroll of teleportation for 54 gold pieces
 27148 | Orc:2    | Found Hayf's Antique Weapon Emporium.
 27635 | Orc:2    | Found Ivicom's Antique Armour Boutique.
 27796 | Orc:2    | Bought the +3 pair of seven-league boots {Rampage+∞} for
                  | 1400 gold pieces
 27796 | Orc:2    | Found the +3 pair of seven-league boots {Rampage+∞}
 28022 | D:14     | Bought a glowing hat for 147 gold pieces
 28905 | Snake:1  | Entered Level 1 of the Snake Pit
 28912 | Lair:3   | Reached skill level 8 in Dodging
 28924 | Lair:3   | Reached skill level 8 in Armour
 29044 | Lair:3   | Reached skill level 1 in Shields
 29184 | Snake:1  | Reached skill level 2 in Shields
 29196 | Snake:1  | Noticed Louise
 29211 | Snake:1  | Killed Louise
 29351 | Snake:1  | Reached skill level 3 in Shields
 29355 | Snake:1  | Reached skill level 15 in Fighting
 29821 | Snake:1  | Found Goninla's Jewellery Boutique.
 30096 | Snake:2  | Received a gift from Okawaru
 30097 | Snake:2  | Reached skill level 4 in Shields
 30312 | Snake:2  | Noticed Vashnia
 30349 | Snake:2  | Killed Vashnia
 30350 | Snake:2  | Reached skill level 16 in Fighting
 30350 | Snake:2  | Reached skill level 5 in Shields
 30568 | Snake:2  | Reached skill level 17 in Fighting
 30570 | Snake:2  | Received a gift from Okawaru
 30742 | Snake:2  | Noticed Mlioglotl
 30775 | Snake:2  | Killed Mlioglotl
 31158 | Snake:2  | Noticed Frances
 31171 | Snake:2  | Killed Frances
 31327 | Snake:2  | Reached skill level 18 in Fighting
 31607 | Snake:2  | You fall into a shaft and drop 1 floor!
 31705 | Snake:2  | Noticed Nikola
 31725 | Snake:2  | Killed Nikola
 31726 | Snake:2  | Reached XP level 17. HP: 118/150 MP: 23/23
 31993 | Snake:2  | Upgraded the game from 0.32-a0-961-gd60f5e5fc7 to
                  | 0.32-a0-975-g85d4e5bfdb
 32100 | Snake:3  | Found Qirujuiw's Armour Emporium.
 32136 | Snake:3  | Found Enacoc's General Store.
 32139 | Snake:3  | Found Tidutuw's Weapon Boutique.
 32149 | Snake:3  | Bought a scroll of blinking for 120 gold pieces
 32228 | Snake:3  | Reached skill level 1 in Conjurations
 32233 | Snake:3  | Reached skill level 1 in Alchemy
 32234 | Snake:3  | Received a gift from Okawaru
 32235 | Snake:3  | Reached skill level 1 in Air Magic
 32749 | Snake:3  | Reached skill level 2 in Conjurations
 32749 | Snake:3  | Reached skill level 2 in Alchemy
 32761 | Snake:3  | Reached skill level 2 in Air Magic
 33298 | Snake:3  | Reached skill level 3 in Conjurations
 33298 | Snake:3  | Reached skill level 3 in Alchemy
 33497 | Snake:4  | Entered Level 4 of the Snake Pit
 33524 | Snake:4  | Reached skill level 6 in Shields
 33538 | Snake:4  | Reached skill level 3 in Air Magic
 33565 | Snake:4  | Found Fumiucum's Book Shop.
 33566 | Snake:4  | Found Buozimuma's Jewellery Emporium.
 33566 | Snake:4  | Found Bietzir's Jewellery Emporium.
 33578 | Snake:4  | Bought a book of Winter for 420 gold pieces
 33582 | Snake:4  | Learned a level 3 spell: Frozen Ramparts
 33857 | Snake:4  | Reached skill level 9 in Throwing
 33883 | Snake:4  | Received a gift from Okawaru
 34118 | Snake:4  | Reached skill level 7 in Shields
 34770 | Snake:4  | Reached skill level 9 in Invocations
 34883 | Snake:4  | Received a gift from Okawaru
 34961 | Snake:4  | Noticed a quicksilver dragon
 34974 | Snake:4  | Killed a quicksilver dragon
 35002 | Snake:4  | Reached skill level 10 in Throwing
 35490 | Snake:4  | Got a serpentine rune of Zot
 36496 | Shoals:1 | Entered Level 1 of the Shoals
 36538 | Shoals:1 | Reached skill level 10 in Invocations
 36557 | Shoals:1 | Reached skill level 8 in Shields
 36599 | Shoals:1 | Gained mutation: You have a pair of large horns on your
                  | head. [demonic ancestry]
 36599 | Shoals:1 | Reached XP level 18. HP: 152/157 MP: 25/25
 36637 | Shoals:1 | Received a gift from Okawaru
 36799 | Shoals:1 | HP: 3/157 [elemental wellspring/torrent of water (49)]
 37132 | Shoals:2 | Reached skill level 11 in Throwing
 37665 | Shoals:1 | Reached skill level 9 in Shields
 38163 | Shoals:2 | Reached skill level 1 in Ice Magic
 38219 | Shoals:2 | Found Ruikum's Jewellery Shop.
 38238 | Shoals:2 | Bought the ring "Viamud" {rN+ EV+5} for 708 gold pieces
 38285 | Shoals:2 | Reached skill level 2 in Ice Magic
 38800 | Shoals:2 | Reached skill level 5 in Spellcasting
 38969 | Shoals:2 | Reached skill level 3 in Ice Magic
 39390 | Shoals:2 | Reached skill level 6 in Spellcasting
 39787 | Shoals:3 | Received a gift from Okawaru
 40058 | Shoals:3 | Reached skill level 9 in Armour
 40311 | Shoals:3 | Found a runed translucent gate.
 40312 | Shoals:3 | Found a runed translucent gate.
 40445 | Shoals:3 | Found a runed translucent gate.
 40449 | Shoals:3 | Noticed Lunacym's ghost (adept DsWn)
 40791 | Shoals:3 | Reached skill level 10 in Armour
 41114 | Shoals:4 | Entered Level 4 of the Shoals
 41394 | Shoals:4 | Received a gift from Okawaru
 41421 | Shoals:4 | Reached skill level 7 in Spellcasting
 41442 | Shoals:4 | Got Koaluof's Spellbook of Sanguinary Flame
 41484 | Shoals:4 | Paralysed by a formless jellyfish for 1 turns
 41636 | Shoals:4 | Identified the amulet "Fist" {Reflect +Inv rPois rN+ Str+2
                  | SH+5}
 42056 | Shoals:4 | Identified the serpent talisman of Morality {*Corrode Str+2
                  | Slay+2}
 42056 | Shoals:4 | Noticed Aizul
 42068 | Shoals:4 | Killed Aizul
 42082 | Shoals:4 | Reached skill level 4 in Ice Magic
 42093 | Shoals:4 | Reached XP level 19. HP: 163/163 MP: 30/30
 42108 | Shoals:4 | Reached skill level 8 in Spellcasting
 42144 | Shoals:4 | Reached skill level 7 in Evocations
 42144 | Shoals:4 | Received a gift from Okawaru
 42204 | Shoals:4 | Noticed Polyphemus
 42236 | Shoals:4 | Killed Polyphemus
 42242 | Shoals:4 | Reached skill level 8 in Evocations
 42267 | Shoals:4 | Reached skill level 9 in Dodging
 42308 | Shoals:4 | Got a barnacled rune of Zot
 43410 | Vaults:1 | Entered Level 1 of the Vaults
 43453 | Vaults:1 | Learned a level 3 spell: Fugue of the Fallen
 43543 | Vaults:1 | Found Ufraddau's Armour Shoppe.
 43589 | Vaults:1 | Found Gage's Distillery.
 43590 | Vaults:1 | Paralysed by a formless jellyfish for 1 turns
 43602 | Vaults:1 | Bought a potion of heal wounds for 90 gold pieces
 43602 | Vaults:1 | Bought a potion of degeneration for 18 gold pieces
 43664 | Vaults:1 | Found a runed translucent door.
 43812 | Vaults:1 | Found Befoo's Jewellery Emporium.
 43918 | Vaults:1 | Received a gift from Okawaru
 44008 | Vaults:1 | Reached skill level 5 in Ice Magic
 44352 | Vaults:1 | Found Vaxt's Assorted Antiques.
 44743 | Vaults:1 | Noticed Jesaaggu's ghost (adept MiNe)
 44767 | Vaults:1 | Killed Jesaaggu's ghost
 45006 | Vaults:2 | Reached skill level 11 in Armour
 45006 | Vaults:2 | Reached skill level 10 in Dodging
 45010 | Vaults:2 | Reached skill level 6 in Ice Magic
 45215 | Vaults:2 | Reached skill level 9 in Evocations
 45337 | Vaults:2 | Received a gift from Okawaru
 46431 | Vaults:3 | Reached skill level 10 in Evocations
 46512 | Vaults:3 | Found a staircase to the Crypt.
 46512 | Vaults:3 | Found a basalt altar of Yredelemnul.
 46512 | Vaults:3 | Found an ancient bone altar of Kikubaaqudgha.
 46567 | Vaults:3 | Reached skill level 12 in Armour
 46571 | Vaults:3 | Reached skill level 1 in Necromancy
 46582 | Vaults:3 | Reached skill level 2 in Necromancy
 46592 | Vaults:3 | Received a gift from Okawaru
 46593 | Vaults:3 | Gained mutation: You are completely covered in sharp
                  | spines. [demonic ancestry]
 46593 | Vaults:3 | Reached XP level 20. HP: 114/171 MP: 1/32
 46595 | Vaults:3 | Reached skill level 3 in Necromancy
 46627 | Vaults:3 | Reached skill level 4 in Necromancy
 46726 | Vaults:3 | Reached skill level 1 in Stealth
 46949 | Vaults:3 | Reached skill level 2 in Stealth
 46971 | Vaults:3 | Reached skill level 3 in Stealth
 47025 | Vaults:3 | Reached skill level 4 in Stealth
 47361 | Vaults:3 | Noticed Mennas
 47431 | Vaults:3 | Reached skill level 5 in Stealth
 47497 | Vaults:3 | Killed Mennas
 47497 | Vaults:3 | Received a gift from Okawaru
 47498 | Vaults:3 | Reached skill level 12 in Throwing
 48356 | Vaults:3 | Learned a level 2 spell: Cigotuvi's Dreadful Rot
 48530 | Vaults:4 | Paralysed by a formless jellyfish for 1 turns
 48651 | Vaults:4 | Paralysed by a sphinx for 3 turns
 48816 | Vaults:4 | Received a gift from Okawaru
 48819 | Vaults:4 | Reached skill level 13 in Throwing
 48880 | Vaults:4 | Identified the +9 triple crossbow of the Maze {flame,
                  | rElec}
 48940 | Vaults:4 | Reached skill level 6 in Stealth
 49028 | Vaults:4 | Reached skill level 7 in Stealth
 50186 | Crypt:1  | Entered Level 1 of the Crypt
 50219 | Crypt:1  | Reached skill level 9 in Spellcasting
 50242 | Crypt:1  | Identified the +1 battleaxe "Pamnouri" {spect, Will+}
 50360 | Crypt:1  | Received a gift from Okawaru
 50759 | Crypt:1  | Identified the +1 dagger "Ofob" {flame, rF+ Stlth+}
 50798 | Crypt:1  | Gained mutation: When hurt, damage is shared between your
                  | health and your magic reserves. [demonic ancestry]
 50798 | Crypt:1  | Reached XP level 21. HP: 126/177 MP: 34/34
 51186 | Crypt:1  | Noticed a royal mummy
 51186 | Crypt:1  | Noticed a royal mummy
 51197 | Crypt:1  | Killed a royal mummy
 51198 | Crypt:1  | Noticed a royal mummy
 51210 | Crypt:1  | Killed a royal mummy
 51210 | Crypt:1  | Received a gift from Okawaru
 51211 | Crypt:1  | Reached skill level 14 in Throwing
 51221 | Crypt:1  | Killed a royal mummy
 51369 | Crypt:1  | Found the +7 sceptre of Torment {pain, torment}
 51465 | Crypt:1  | Reached skill level 10 in Spellcasting
 52397 | Vaults:1 | Bought a ring of willpower for 300 gold pieces
 52683 | Elf:1    | Entered Level 1 of the Elven Halls
 52683 | Elf:1    | Found Iphaux's Jewellery Shop.
 52804 | Elf:1    | Found Efobbola's Magic Scroll Boutique.
 52812 | Elf:1    | Bought a scroll of blinking for 105 gold pieces
 52985 | Elf:1    | Found a glacial archway.
 53019 | IceCv    | Entered an ice cave
 53139 | IceCv    | Reached skill level 10 in Shields
 53213 | IceCv    | Found an ancient bone altar of Kikubaaqudgha.
 53224 | IceCv    | Received a gift from Okawaru
 53675 | IceCv    | Identified the ring of Alon Byoch {rN+ Will+ MP-9 Slay+2}
 54010 | D:10     | You paid a toll of +3 ice dragon scales to enter a treasure
                  | trove
 54011 | Trove    | Entered a treasure trove
 54021 | Trove    | Identified the scarf "Tacy" {shadows, rN+++ Str-3 Int-5
                  | SInv}
 54024 | Trove    | Identified the orb "Dostrasm" {*channel, SInv}
 54026 | Trove    | Identified the +1 leather armour "Coumekar" {Fly rN+}
 54029 | Trove    | Identified the +3 leather armour of the Frog {^Drain Int+2
                  | Dex+5}
 54033 | Trove    | Identified the +6 scale mail of Stained Brilliance {rPois}
 54036 | Trove    | Identified the +1 scale mail "Qucyc" {^Contam rC+ Will+
                  | Stlth+}
 54042 | Trove    | Identified the +1 chain mail of Tartarus {Stlth+}
 54046 | Trove    | Identified the +1 cloak of Salvation {rElec Dex+5}
 54048 | Trove    | Identified the +7 chain mail of the Equinox {Int+2}
 54356 | Elf:1    | Paralysed by an air elemental for 1 turns
 54426 | Elf:1    | Reached skill level 11 in Shields
 54563 | Elf:1    | You fall into a shaft and drop 1 floor!
 54641 | Elf:2    | Received a gift from Okawaru
 55016 | Elf:2    | Found a runed translucent gate.
 55021 | Elf:2    | Found a runed translucent gate.
 55021 | Elf:2    | Found a runed translucent gate.
 55032 | Elf:2    | Reached skill level 12 in Shields
 55146 | Elf:2    | Paralysed by an air elemental for 1 turns
 55299 | Elf:2    | Got the Grimoire of the Salvo
 55436 | Elf:2    | Found Suaseh's Distillery.
 55441 | Elf:2    | Bought a potion of heal wounds for 80 gold pieces
 55449 | Elf:2    | Paralysed by an air elemental for 1 turns
 55472 | Elf:1    | Found a radiant altar of Vehumet.
 55499 | Elf:2    | Found Jujin's Weapon Shoppe.
 55718 | Elf:1    | Reached skill level 13 in Shields
 56086 | Elf:1    | Found a corrupted altar of Lugonu.
 56108 | Elf:1    | Found a roughly hewn altar of Beogh.
 56642 | Elf:3    | Entered Level 3 of the Elven Halls
 56687 | Elf:3    | Received a gift from Okawaru
 56690 | Elf:3    | Gained mutation: Your magical and physical power is
                  | slightly enhanced at high health. [demonic ancestry]
 56690 | Elf:3    | Reached XP level 22. HP: 177/184 MP: 27/36
 56834 | Elf:3    | Found Zeixtiz's Magic Scroll Boutique.
 56837 | Elf:3    | Bought a scroll of enchant armour for 135 gold pieces
 56837 | Elf:3    | Bought a scroll of fog for 72 gold pieces
 56837 | Elf:3    | Bought a scroll of teleportation for 54 gold pieces
 56837 | Elf:3    | Bought a scroll of teleportation for 54 gold pieces
 57160 | Elf:3    | Reached skill level 14 in Shields
 57327 | Elf:3    | Identified the +3 robe of the Everdark {Harm rPois Int-3
                  | Stlth+}
 57558 | Elf:3    | Identified the +7 long sword "Poj Jur" {freeze, Int+5}
 57570 | Elf:3    | Received a gift from Okawaru
 57581 | Elf:3    | Reached skill level 15 in Shields
 57590 | Elf:3    | Identified the staff "Orb Guardian's Doom" {Stlth+ Conj}
 57799 | Elf:3    | Identified the +8 quarterstaff of Articulation {freeze, Fly
                  | rPois rN++ Dex-5}
 57799 | Elf:3    | Identified the ring of Monotheism {rN+ rCorr Int+2 SInv}
 57904 | Elf:3    | Found the +3 pair of gauntlets of War {Slay+5}
 57911 | Elf:3    | Reached skill level 1 in Short Blades
 57945 | Elf:3    | Identified the +4 longbow "Waihoq" {heavy, rPois rN+}
 57960 | Elf:3    | Identified the +4 flail of the Ghost {venom, rC+ Int+2}
 57975 | Elf:3    | Identified the staff of Untruth {rF+ rC+ rN++ Str-3 Fire}
 57987 | Elf:3    | Identified the amulet "Huthredua" {Reflect SH+5 SInv}
 58033 | Elf:3    | Identified the +1 morningstar "Maxiebb" {antimagic, ^Drain
                  | Str+3}
 58041 | Elf:3    | Reached skill level 2 in Short Blades
 58322 | Elf:3    | Learned a level 3 spell: Vampiric Draining
 58326 | Elf:3    | Learned a level 3 spell: Swiftness
 58331 | Elf:3    | Learned a level 4 spell: Passage of Golubria
 58421 | Elf:1    | Bought a scroll of teleportation for 42 gold pieces
 58754 | Depths:1 | Entered Level 1 of the Depths
 58760 | Depths:1 | Reached skill level 3 in Short Blades
 58772 | Depths:1 | Found a one-way gate leading to the halls of Pandemonium.
 58793 | Depths:1 | Found a blossoming altar of Fedhas.
 58868 | Depths:1 | Reached skill level 4 in Short Blades
 58882 | Depths:1 | Found Bacirih's Magic Scroll Emporium.
 58889 | Depths:1 | Bought a scroll of blinking for 120 gold pieces
 58889 | Depths:1 | Bought a scroll of enchant armour for 120 gold pieces
 58889 | Depths:1 | Bought a scroll of blinking for 120 gold pieces
 58993 | Depths:1 | Reached skill level 5 in Short Blades
 59115 | Depths:1 | Reached skill level 6 in Short Blades
 59120 | Depths:1 | Received a gift from Okawaru
 59122 | Depths:1 | Found a gateway to Hell.
 59144 | Depths:1 | Reached skill level 7 in Short Blades
 59236 | Depths:1 | Found Pagioj's Antique Armour Shop.
 59488 | Depths:1 | Reached skill level 8 in Short Blades
 59510 | Depths:1 | Found a radiant altar of Vehumet.
 59682 | Depths:2 | Found a one-way gateway to a ziggurat.
 59878 | Depths:2 | Noticed Grunn
 59901 | Depths:2 | Received a gift from Okawaru
 59903 | Depths:2 | Reached skill level 9 in Short Blades
 59911 | Depths:2 | Reached skill level 10 in Short Blades
 59924 | Depths:2 | Killed Grunn
 60036 | Depths:2 | Reached skill level 11 in Short Blades
 60140 | Depths:2 | Received a gift from Okawaru
 60151 | Depths:2 | Reached skill level 12 in Short Blades
 60310 | Depths:2 | Reached XP level 23. HP: 190/190 MP: 37/37
 60784 | Depths:3 | Reached skill level 13 in Short Blades
 60995 | Depths:3 | Received a gift from Okawaru
 61110 | Depths:3 | Reached skill level 14 in Short Blades
 61181 | Depths:3 | Got the Enchiridion on Sweltering Contamination
 61182 | Depths:3 | Identified the ring "Fuelisyull" {*Slow Str+5 Int+3 Dex+6}
 61263 | Depths:3 | Reached skill level 8 in Stealth
 61270 | Depths:3 | Paralysed by an air elemental for 1 turns
 61335 | Depths:3 | Reached skill level 16 in Shields
 61351 | Depths:3 | Received a gift from Okawaru
 61367 | Depths:3 | Reached skill level 9 in Stealth
 61525 | Depths:3 | Found a one-way gate to the infinite horrors of the Abyss.
 61673 | Depths:3 | Got the Catalogue of Telluric Abominable Rites
 61684 | Depths:3 | Got the Folio of the Zephyr and Conjuration
 61727 | Depths:3 | Paralysed by an air elemental for 1 turns
 61746 | Depths:3 | Reached skill level 10 in Stealth
 61912 | Depths:3 | Identified the staff "Dopn" {^Contam rCorr Dex+3 Stlth+
                  | Conj}
 61943 | Depths:4 | Entered Level 4 of the Depths
 62110 | Depths:4 | Found a gate to the Realm of Zot.
 62217 | Depths:4 | Noticed a juggernaut
 62228 | Depths:4 | Killed a juggernaut
 62291 | Depths:4 | Noticed a juggernaut
 62300 | Depths:4 | Killed a juggernaut
 62301 | Depths:4 | Reached skill level 11 in Dodging
 62308 | Depths:4 | Noticed a caustic shrike
 62326 | Depths:4 | Noticed a caustic shrike
 62326 | Depths:4 | Noticed a caustic shrike
 62327 | Depths:4 | Noticed a caustic shrike
 62327 | Depths:4 | Noticed a caustic shrike
 62327 | Depths:4 | Received a gift from Okawaru
 62337 | Depths:4 | Killed a caustic shrike
 62338 | Depths:4 | Killed a caustic shrike
 62343 | Depths:4 | Killed a caustic shrike
 62346 | Depths:4 | Killed a caustic shrike
 62348 | Depths:4 | Killed a caustic shrike
 62637 | Depths:4 | Found a snail-covered altar of Cheibriados.
 62648 | Depths:4 | Reached skill level 12 in Dodging
 63451 | Vaults:5 | Entered Level 5 of the Vaults
 63484 | Vaults:5 | Received a gift from Okawaru
 63522 | Vaults:5 | Reached XP level 24. HP: 198/198 MP: 37/37
 63589 | Vaults:5 | Identified the +5 orcbow "Moameam" {antimagic, rPois rF+
                  | Will+ rCorr}
 63770 | Vaults:5 | Received a gift from Okawaru
 63771 | Vaults:5 | Reached skill level 13 in Armour
 63787 | Vaults:5 | Identified the ring "Urureg" {rC+ rN+ Slay-2 SInv}
 63822 | Vaults:5 | Got the Codex of Leaden Cold
 63858 | Vaults:5 | Identified the +4 ring mail of Onised {^Contam Will+ Int+2}
 63871 | Vaults:5 | Got Uzxod's Quarto of the Incandescent Crucible
 64123 | Vaults:5 | Found Rutun's Magic Scroll Shop.
 64126 | Vaults:5 | Reached skill level 13 in Dodging
 64131 | Vaults:5 | Bought a scroll of blinking for 127 gold pieces
 64131 | Vaults:5 | Bought a scroll of enchant armour for 127 gold pieces
 64171 | Vaults:5 | Found Doyq's Magic Scroll Boutique.
 64182 | Vaults:5 | Bought a scroll of revelation for 142 gold pieces
 64182 | Vaults:5 | Bought a scroll of teleportation for 57 gold pieces
 64210 | Vaults:5 | Found Qyocaha's Distillery.
 64215 | Vaults:5 | Bought a potion of mutation for 128 gold pieces
 64286 | Vaults:5 | Got a silver rune of Zot
 64320 | Vaults:5 | Noticed Xtahua
 64331 | Vaults:5 | Paralysed by Xtahua for 3 turns
 64335 | Vaults:5 | Killed Xtahua
 64358 | Vaults:5 | Bought a potion of curing for 48 gold pieces
 64358 | Vaults:5 | Bought a potion of might for 64 gold pieces
 64358 | Vaults:5 | Bought a potion of might for 64 gold pieces
 64378 | Vaults:5 | Bought a scroll of revelation for 142 gold pieces
 64378 | Vaults:5 | Bought 2 scrolls of blinking for 285 gold pieces
 64378 | Vaults:5 | Bought a scroll of enchant armour for 142 gold pieces
 64398 | Vaults:5 | Bought a scroll of teleportation for 51 gold pieces
 64398 | Vaults:5 | Bought a scroll of teleportation for 51 gold pieces
 64476 | Vaults:5 | Reached skill level 15 in Throwing
 64480 | Vaults:5 | Identified the +6 chain mail "Laib" {Rampage rC++ MP+9
                  | Dex-2}
 64488 | Vaults:5 | Received a gift from Okawaru
 64573 | Vaults:5 | Identified the +0 plate armour of Geomos {Int+3 Dex+6
                  | Stlth+}
 64758 | Vaults:5 | Identified the +0 ring mail of Tomorrow {-Cast rElec rC-
                  | Regen+ Str+5}
 65139 | Vaults:1 | Bought 2 potions of haste for 600 gold pieces
 65139 | Vaults:1 | Bought a potion of curing for 90 gold pieces
 65204 | Vaults:1 | Bought a potion of berserk rage for 90 gold pieces
 65204 | Vaults:1 | Bought a potion of attraction for 54 gold pieces
 65204 | Vaults:1 | Bought a potion of attraction for 54 gold pieces
 65204 | Vaults:1 | Bought a potion of mutation for 144 gold pieces
 65204 | Vaults:1 | Bought 2 potions of lignification for 108 gold pieces
 65440 | Zot:1    | Entered Level 1 of the Realm of Zot
 66520 | Zot:1    | Received a gift from Okawaru
 66970 | Zot:2    | Reached skill level 16 in Throwing
 67043 | Zot:2    | Reached skill level 11 in Stealth
 67083 | Zot:2    | Found a stormy altar of Qazlal.
 67100 | Zot:2    | Received a gift from Okawaru
 67135 | Zot:2    | Reached skill level 12 in Stealth
 67143 | Zot:2    | Reached skill level 14 in Armour
 67157 | Zot:2    | Gained mutation: Your magical and physical power is
                  | enhanced at high health. [demonic ancestry]
 67157 | Zot:2    | Reached XP level 25. HP: 204/204 MP: 26/37
 67166 | Zot:2    | Found the +4 dragonskin cloak {Aegis}
 67166 | Zot:2    | Noticed Tiamat
 67172 | Zot:2    | Reached skill level 14 in Dodging
 67191 | Zot:2    | Killed Tiamat
 67193 | Zot:2    | Reached skill level 11 in Invocations
 67193 | Zot:2    | Received a gift from Okawaru
 67408 | Zot:2    | Identified the +3 ring mail of the Devouring Bounties
                  | {Stlth+}
 68139 | Zot:3    | Noticed a Killer Klown
 68146 | Zot:3    | Killed a Killer Klown
 68681 | Zot:3    | Reached skill level 12 in Invocations
 68702 | Zot:3    | Identified the amulet "Huhigysk" {Reflect rF+++ rN+ Dex-4
                  | SH+5}
 68897 | Zot:3    | Received a gift from Okawaru
 69010 | Zot:4    | Reached skill level 15 in Armour
 69020 | Zot:4    | Reached skill level 15 in Dodging
 69046 | Zot:4    | Found a viscous altar of Jiyva.
 69101 | Zot:4    | Found a huge runed translucent gate.
 69101 | Zot:4    | Found a huge runed translucent gate.
 69101 | Zot:4    | Found a huge runed translucent gate.
 69101 | Zot:4    | Found a huge runed translucent gate.
 69101 | Zot:4    | Found a huge runed translucent gate.
 69101 | Zot:4    | Found a huge runed translucent gate.
 69102 | Zot:4    | Found a huge runed translucent gate.
 69102 | Zot:4    | Found a huge runed translucent gate.
 69103 | Zot:4    | Found a huge runed translucent gate.
 69104 | Zot:4    | Found a huge runed translucent gate.
 69106 | Zot:4    | Found a huge runed translucent gate.
 69112 | Zot:4    | Found a huge runed translucent gate.
 69114 | Zot:4    | Found a huge runed translucent gate.
 69115 | Zot:4    | Found a huge runed translucent gate.
 69116 | Zot:4    | Found a huge runed translucent gate.
 69116 | Zot:4    | Found a huge runed translucent gate.
 69118 | Zot:4    | Found a huge runed translucent gate.
 69121 | Zot:4    | Found a huge runed translucent gate.
 69121 | Zot:4    | Found a huge runed translucent gate.
 69123 | Zot:4    | Found a huge runed translucent gate.
 69211 | Zot:4    | Noticed a Killer Klown
 69231 | Zot:4    | Killed a Killer Klown
 69388 | Zot:4    | Found a huge runed translucent gate.
 69388 | Zot:4    | Found a huge runed translucent gate.
 69390 | Zot:4    | Found a huge runed translucent gate.
 69390 | Zot:4    | Found a huge runed translucent gate.
 69390 | Zot:4    | Found a huge runed translucent gate.
 69390 | Zot:4    | Found a huge runed translucent gate.
 69394 | Zot:4    | Found a huge runed translucent gate.
 69394 | Zot:4    | Found a huge runed translucent gate.
 69397 | Zot:4    | Found a huge runed translucent gate.
 69398 | Zot:4    | Found a huge runed translucent gate.
 69399 | Zot:4    | Found a huge runed translucent gate.
 69400 | Zot:4    | Found a huge runed translucent gate.
 69401 | Zot:4    | Found a huge runed translucent gate.
 69401 | Zot:4    | Found a huge runed translucent gate.
 69406 | Zot:4    | Found a huge runed translucent gate.
 69407 | Zot:4    | Found a huge runed translucent gate.
 70437 | Zot:5    | Entered Level 5 of the Realm of Zot
 70506 | Zot:5    | Received a gift from Okawaru
 70507 | Zot:5    | Reached skill level 17 in Shields
 70660 | Zot:5    | Noticed an ancient lich
 70661 | Zot:5    | Noticed an orb of fire
 70675 | Zot:5    | Killed an orb of fire
 70682 | Zot:5    | Noticed a Killer Klown
 70823 | Zot:5    | Noticed a Killer Klown
 70823 | Zot:5    | Noticed an ancient lich
 70823 | Zot:5    | Noticed an ancient lich
 70837 | Zot:5    | Killed an ancient lich
 70838 | Zot:5    | Reached skill level 18 in Shields
 70843 | Zot:5    | Killed an ancient lich
 70845 | Zot:5    | Noticed a dread lich
 70848 | Zot:5    | Noticed an orb of fire
 70853 | Zot:5    | Killed a dread lich
 70863 | Zot:5    | Gained mutation: You are clumsy. (Dex -2) [an orb of fire]
 70864 | Zot:5    | Killed an orb of fire
 70867 | Zot:5    | Killed a Killer Klown
 70867 | Zot:5    | Received a gift from Okawaru
 70974 | Zot:5    | Gained mutation: Your magical and physical power is greatly
                  | enhanced at high health. [demonic ancestry]
 70974 | Zot:5    | Reached XP level 26. HP: 211/211 MP: 30/37
 70994 | Zot:5    | Reached skill level 19 in Shields
 71010 | Zot:5    | Noticed a dread lich
 71018 | Zot:5    | Killed a dread lich
 71027 | Zot:5    | Killed an ancient lich
 71029 | Zot:5    | Noticed an ancient lich
 71029 | Zot:5    | Noticed a dread lich
 71033 | Zot:5    | Noticed an ancient lich
 71033 | Zot:5    | Received a gift from Okawaru
 71036 | Zot:5    | Paralysed by a dread lich for 4 turns
 71040 | Zot:5    | Noticed an orb of fire
 71050 | Zot:5    | Killed a dread lich
 71054 | Zot:5    | Killed an ancient lich
 71062 | Zot:5    | Killed an orb of fire
 71065 | Zot:5    | Killed an ancient lich
 71254 | Zot:5    | Noticed an ancient lich
 71262 | Zot:5    | Killed an ancient lich
 71662 | Zot:5    | Got the Orb of Zot
 71703 | Zot:5    | Received a gift from Okawaru
 71826 | Depths:4 | Noticed Luenauwn the pandemonium lord
 71834 | Depths:4 | Killed Luenauwn the pandemonium lord
 71839 | Depths:4 | Noticed Raucloez the pandemonium lord
 71847 | Depths:4 | Killed Raucloez the pandemonium lord
 71864 | Depths:4 | Noticed Jigois the pandemonium lord
 71908 | Depths:3 | Reached skill level 19 in Fighting
 71909 | Depths:3 | Noticed Qeakoy the pandemonium lord
 72425 | D:$      | Escaped with the Orb!

Vanquished Creatures
  3 dread liches (Zot:5)
  Tiamat (Zot:2)
  6 ancient liches (Zot:5)
  3 orbs of fire (Zot:5)
  Mennas (Vaults:3)
  2 juggernauts (Depths:4)
  2 pandemonium lords (Depths:4)
  Xtahua (Vaults:5)
  Vashnia (Snake:2)
  3 royal mummies (Crypt:1)
  4 Killer Klowns
  5 caustic shrikes (Depths:4)
  3 curse toes
  Nikola (Snake:2)
  7 golden dragons
  2 doom hounds (Depths:2)
  A bone dragon (Depths:2)
  Jorgrun (D:15)
  4 electric golems
  The ghost of Jesaaggu the Warrior, an adept MiNe of Uskayaw (Vaults:1)
  Rupert (D:15)
  Mlioglotl (Snake:2)
  2 liches
  15 tentacled monstrosities
  Grunn (Depths:2)
  3 quicksilver dragons
  25 Orb Guardians
  4 titans
  8 death cobs
  2 krakens (Shoals:4)
  7 sphinxes
  2 deep elf blademasters (Elf:3)
  2 deep elf master archers (Elf:3)
  Polyphemus (Shoals:4)
  5 tengu reavers
  2 ancient champions (Crypt:1)
  Frances (Snake:2)
  7 shadow dragons
  7 protean progenitors
  12 storm dragons
  6 draconian monks
  Aizul (Shoals:4)
  A daeva (Zot:1)
  12 fire giants
  2 revenants (Crypt:1)
  3 nagarajas (Snake:4)
  2 iron dragons
  2 ghost moths (Zot:3)
  Louise (Snake:1)
  7 deep elf sorcerers
  5 draconian scorchers
  2 draconian knights
  4 draconian shifters
  9 frost giants
  17 vault wardens
  5 deep elf elementalists (Elf:3)
  5 draconian annihilators
  14 ironbound preservers
  3 reapers (Depths:2)
  A cacodemon (Depths:3)
  15 stone giants
  7 draconian stormcallers
  A juggernaut zombie (Depths:2)
  4 formless jellyfish
  A formless jellyfish (shapeshifter) (Depths:3)
  An orc warlord (Orc:1)
  3 broodmothers (Zot:3)
  28 very ugly things
  6 deep elf death magi
  10 green draconians
  12 ironbound thunderhulks
  6 vampire knights
  7 deep elf demonologists
  10 deep elf annihilators
  2 elemental wellsprings (Shoals:1)
  9 black draconians
  3 putrid mouths (Depths:2)
  4 white draconians
  5 red draconians
  Azrael (D:15)
  4 spark wasps
  8 war gargoyles
  13 dire elephants
  11 purple draconians
  8 yellow draconians
  2 eidola (Crypt:1)
  Snorg (Lair:5)
  2 jiangshi (Crypt:1)
  2 mummy priests (Crypt:1)
  18 ettins
  6 merfolk javelineers
  6 merfolk impalers
  Josephine (D:15)
  A blizzard demon (Zot:5)
  11 fire dragons
  4 deep elf high priests
  3 entropy weavers
  12 yaktaur captains
  2 caustic shrike simulacra (IceCv)
  6 great orbs of eyes
  Fannar (Lair:1)
  A peacekeeper (Vaults:4)
  A rakshasa (Depths:2)
  3 spriggan air magi
  6 ironbound frosthearts
  5 ice dragons
  A hell beast (D:6)
  2 salamander tyrants
  9 hydras
  32 vault guards
  2 death knights (Crypt:1)
  3 ogre magi (Vaults:5)
  8 merfolk avatars
  7 anacondas
  A fenstrider witch skeleton (Crypt:1)
  5 catoblepae
  A satyr (shapeshifter) (Depths:3)
  5 two-headed ogres
  3 satyrs
  3 alligator snapping turtles (Shoals:4)
  40 dancing weapons
  Erica (D:9)
  5 merfolk aquamancers
  5 boulder beetles
  12 centaur warriors
  2 titan zombies
  11 death yaks
  2 deep troll earth magi (Depths:1)
  3 tengu warriors
  17 naga sharpshooters
  2 spriggan berserkers
  A vampire mage (Crypt:1)
  A demonic crawler (D:1)
  3 deep troll shamans
  5 orc high priests (Orc:2)
  13 naga warriors
  13 shock serpents
  Sonja (Lair:1)
  5 hell knights (Depths:2)
  A soul eater (Depths:2)
  Nergalle (D:11)
  27 deep elf knights
  3 salamander mystics
  5 skeletal warriors
  2 shadow wraiths
  A storm dragon skeleton (Depths:2)
  The ghost of Shayle the Apothecary, a novice CoAl of Vehumet (D:7)
  A storm dragon zombie (Depths:1)
  A sixfirhy (Depths:3)
  8 skysharks
  A deep troll (shapeshifter) (Depths:3)
  A glowing orange brain (shapeshifter) (Depths:3)
  A death drake (shapeshifter) (Vaults:5)
  6 glowing orange brains
  A shadow demon (Depths:1)
  A large abomination (Depths:4)
  5 bog bodies (IceCv)
  34 deep trolls
  7 deep elf archers
  18 sea snakes
  14 mana vipers
  A mana viper (shapeshifter) (Depths:3)
  7 obsidian statues
  9 arcanists
  6 lindwurms
  A bunyip skeleton (Crypt:1)
  4 spriggan simulacra
  10 phantasmal warriors
  A harpy (shapeshifter) (Elf:1)
  6 naga ritualists
  15 thermic dynamos
  19 ironbound convokers
  A wolf spider (D:13)
  A wolf spider (shapeshifter) (D:13)
  21 deep elf zephyrmancers
  26 harpies
  11 necromancers
  6 orc sorcerers
  14 orc knights
  48 ugly things
  22 deep elf pyromancers
  21 manticores
  10 fauns (Shoals:3)
  A fire giant zombie (Depths:1)
  14 cyclopes
  22 elephants
  23 moths of wrath
  3 fauns (shapeshifter) (Vaults:5)
  2 fire giant skeletons
  3 salamanders
  A titan simulacrum (Crypt:1)
  A stone giant skeleton (Crypt:1)
  12 merfolk sirens
  A black mamba (shapeshifter) (Elf:3)
  An eleionoma skeleton (Crypt:1)
  22 naga magi
  2 molten gargoyles (Depths:3)
  7 water nymphs
  6 guardian serpents
  A smoke demon (Depths:3)
  Maggie (D:9)
  20 vault sentinels
  43 black mambas
  An orange demon (Depths:3)
  6 kobold blastminers
  14 cane toads
  3 gargoyles (D:13)
  2 efreet
  An unseen horror (D:13)
  A kobold demonologist (D:11)
  A minotaur zombie (Crypt:1)
  3 anaconda simulacra (IceCv)
  A spriggan skeleton (Depths:1)
  A tormentor (Zot:5)
  13 freezing wraiths
  28 yaktaurs
  2 ice devils
  3 golden dragon simulacra (IceCv)
  6 komodo dragons
  3 tengu conjurers
  39 merfolk
  10 trolls
  A hydra zombie (Crypt:1)
  A harpy zombie (Crypt:1)
  A queen bee (shapeshifter) (Elf:2)
  2 red devils
  A death drake zombie (Crypt:1)
  A troll (shapeshifter) (D:15)
  2 hellwings (Depths:3)
  2 merfolk (shapeshifter)
  A shadow dragon simulacrum (Depths:1)
  A tyrant leech (Zot:4)
  7 polar bears
  7 wind drakes
  Prince Ribbit (Bailey)
  A jumping spider (shapeshifter) (D:13)
  Grinder (D:4)
  17 blink frogs
  18 snapping turtles
  6 alligator simulacra (IceCv)
  A spriggan zombie (Depths:1)
  14 dream sheep
  A dream sheep (shapeshifter) (Depths:3)
  An ettin zombie (Crypt:1)
  2 glass eyes (Depths:2)
  20 slime creatures
  22 water elementals
  3 dire elephant simulacra (IceCv)
  A fire giant simulacrum (Depths:1)
  10 air elementals
  5 wyverns
  A ynoxinul (Depths:2)
  51 yaks
  2 vampires
  11 fire elementals
  14 wraiths
  5 vampire mosquitoes
  8 humans (Bailey)
  3 basilisks
  7 redbacks
  2 human simulacra
  3 steam dragons
  3 wargs
  A chaos spawn (Depths:4)
  3 minotaur simulacra (IceCv)
  A harpy simulacrum (IceCv)
  39 nagas
  A human zombie (Vaults:4)
  3 acid dragons
  3 hydra simulacra (IceCv)
  3 hell hounds
  13 water moccasins
  2 glowing shapeshifter skeletons (Vaults:4)
  21 orc warriors
  5 sky beasts
  5 black bears
  A black bear (shapeshifter) (Vaults:4)
  An ettin simulacrum (IceCv)
  8 ogres
  2 wolves (D:9)
  A phantom (D:6)
  10 centaurs
  A kobold brigand (D:7)
  24 bullfrogs
  5 gnoll sergeants
  4 scorpions
  A deep troll simulacrum (IceCv)
  17 earth elementals
  8 wights
  13 killer bees
  5 lindwurm simulacra (IceCv)
  A shapeshifter skeleton (Crypt:1)
  6 howler monkeys
  8 electric eels
  3 bombardier beetles
  14 orc priests
  3 hounds
  A black bear skeleton (Crypt:1)
  2 gnoll boudas
  8 jellies
  A black bear zombie (Crypt:1)
  2 iguanas
  19 orc wizards
  12 hell rats
  A sky beast zombie (Crypt:1)
  An acid dragon skeleton (Crypt:1)
  Robin (D:3)
  21 gnolls
  6 adders
  2 shadow imps
  3 white imps
  2 ufetubi (D:6)
  A ribbon worm (D:3)
  3 dart slugs
  64 orcs
  7 ball pythons
  4 bats
  3 endoplasms (D:1)
  A giant cockroach (D:2)
  16 goblins
  12 hobgoblins
  8 jackals
  5 quokkas
  7 frilled lizards
  9 kobolds
  2 rats
  3 aspiring fleshes
  A butterfly (Lair:5)
  6 tentacles (Shoals:4)
2214 creatures vanquished.

Vanquished Creatures (others)
  A deep elf knight (Elf:1)
  A naga warrior (Snake:4)
  A deep elf zephyrmancer (Elf:2)
  A deep elf pyromancer (Elf:1)
  A troll (Orc:2)
  A water elemental (Depths:3)
  A redback (Vaults:1)
  An orc warrior (Orc:2)
  An ogre (Orc:1)
  5 orc wizards
  3 orcs
  13 tentacles (Shoals:4)
30 creatures vanquished.

Grand Total: 2244 creatures vanquished
